 Dungeon Crawl Stone Soup version 0.31.0-32-g396128a36d (webtiles) character file.

Game seed: 12846174352421220107

3962 spaghetti the Carver (level 10, -12/84 HPs)
             Began as a Naga Chaos Knight on Mar 17, 2024.
             Was a Plaything of Xom.
             Mangled by a komodo dragon (28 damage)
             ... on level 8 of the Dungeon.
             The game lasted 00:14:47 (6863 turns).

spaghetti the Carver (Naga Chaos Knight)            Turns: 6863, Time: 00:14:48

Health: -12/84     AC: 12    Str: 14    XL:     10   Next: 22%
Magic:  10/10      EV:  8    Int: 13    God:    Xom [.*....]
Gold:   110        SH: 13    Dex: 15    Spells: 9/9 levels left

rFire   . . .        j - +2 dagger (venom)
rCold   . . .        t - +2 tower shield {AC+3}
rNeg    + . .        b - +2 leather armour
rPois   +            n - +0 helmet
rElec   .            (no cloak)
rCorr   .            p - +0 pair of gloves
SInv    +            (no barding)
Will    +....        (no amulet)
Stlth   +            m - ring of positive energy
HPRegen 0.34/turn    (no ring)
MPRegen 0.12/turn

%: no passive effects
@: very slow
A: AC +3, large, see invisible, deformed body, poison resistance, slowness 2,
spit poison 1, naga tail 1
a: Spit Poison, Renounce Religion


You were on level 8 of the Dungeon.
You worshipped Xom.
You were a plaything of Xom.
You visited 1 branch of the dungeon, and saw 8 of its levels.

You collected 368 gold pieces.
You spent 258 gold pieces at shops.

Inventory:

Hand Weapons
 a - a +0 falchion of chaos
 j - a +2 dagger of venom (weapon)
Armour
 b - a +2 leather armour (worn)
 n - a +0 helmet (worn)
 p - a +0 pair of gloves (worn)
 t - a +2 tower shield of protection (worn)
Jewellery
 l - a ring of ice
 m - a ring of positive energy (left hand)
Wands
 f - a wand of light (8)
 q - a wand of charming (6)
Scrolls
 c - a scroll of butterflies
 e - a scroll of enchant weapon
 g - a scroll of immolation
 k - 2 scrolls of teleportation
 o - 3 scrolls of blinking
 r - a scroll of amnesia
Potions
 d - 2 potions of heal wounds
 h - 2 potions of might
 i - a potion of resistance
 s - a potion of curing
 u - a potion of ambrosia {unknown}
 v - a potion of haste


   Skills:
 - Level 3.0 Fighting
 + Level 2.1(7.0) Short Blades
 + Level 10.6(10.7) Long Blades
 - Level 1.5 Armour
 + Level 8.5 Dodging


You had 9 spell levels left.
You didn't know any spells.
Your spell library contained the following spells:

 Spells                   Type           Power      Damage    Failure   Level
 Apportation              Tloc           0%         N/A       100%        1
 Jinxbite                 Hex            0%         N/A       100%        2
 Alistair's Intoxication  Alch           0%         N/A       100%        5


Dungeon Overview and Level Annotations

Branches:
Dungeon (8/15)             Temple (0/1) D:7
   Lair: D:8-11

Altars:
Dithmenos
Kikubaaqudgha
Makhleb
Zin

Shops:
D:7 *

Annotations:
D:3 3 runed translucent doors, Yoho's ghost, amateur MiBe


Innate Abilities, Weirdness & Mutations

Your serpentine skin is tough. (AC +3)
You have supernaturally acute eyesight. (SInv)
Armour fits poorly on your strangely shaped body.
Your system is resistant to poisons. (rPois)
You cover ground very slowly.
You can spit poison.
You have a snake-like lower body.


Message History

You see here a black bear corpse.
You start resting.
A komodo dragon comes into view.
A komodo dragon is nearby!
A komodo dragon is nearby!
You are too injured to fight recklessly!
The komodo dragon barely misses your scorpion.
The komodo dragon bites your scorpion!!
Your scorpion dies!
Found a potion of heal wounds.
You hit the komodo dragon but do no damage.
The komodo dragon is poisoned.
The komodo dragon bites you!
You hit the komodo dragon but do no damage.
The komodo dragon is lightly wounded.
You block the komodo dragon's attack.
Your iron imp hits the komodo dragon!
You hit the komodo dragon but do no damage.
The komodo dragon looks as sick as possible!
The komodo dragon is moderately wounded.
You block the komodo dragon's attack.
Your iron imp closely misses the komodo dragon.
You hit the komodo dragon but do no damage.
The komodo dragon looks as sick as possible!
The komodo dragon is moderately wounded.
You block the komodo dragon's attack.
Your iron imp hits the komodo dragon but does no damage.
You closely miss the komodo dragon.
The komodo dragon is moderately wounded.
The komodo dragon bites you!!
* * * LOW HITPOINT WARNING * * *
Your iron imp hits the komodo dragon!
You block the komodo dragon's attack.
You hit the komodo dragon.
The komodo dragon is heavily wounded.
Your iron imp hits the komodo dragon!
The komodo dragon bites your iron imp.
You hit the komodo dragon but do no damage.
The komodo dragon looks as sick as possible!
The komodo dragon is almost dead.
The komodo dragon hisses menacingly.
The komodo dragon bites you!!
You die...
Xom cackles wildly!

.......# #.........# ..
#.....###.........# ...
##...##..........# ...#
#...............##
....###.#†.......##...#
...........).##.###..##
#..P.....†...### ..#
#..P..P....P.## ...
#.PP.P@..P....# .#
#...PPl5PP.P...#
..PPP.####P.PP...
..PPP. #P....... ..P..
#..P..... .....
#.PPP.... !..P P..P...
##P. ....


You could see a komodo dragon (extremely poisoned, ally target) and a friendly
iron imp (summoned).

Vanquished Creatures
  A hornet (D:8)
  3 yaks (D:6)
  An ice beast (D:8)
  An orc warrior (D:6)
  A sky beast (D:6)
  2 black bears
  An ogre (D:3)
  A phantom (D:5)
  2 bullfrogs
  2 scorpions (D:5)
  An orc priest (D:6)
  3 hounds
  2 sleepcaps
  Natasha (twice) (D:3)
  6 orc wizards
  A mummy (D:5)
  5 adders
  A shadow imp (D:7)
  2 white imps
  2 ufetubi (D:6)
  A ribbon worm (D:2)
  12 orcs
  7 bats
  4 endoplasms
  4 giant cockroaches
  11 goblins
  6 hobgoblins
  9 jackals (D:1)
  3 quokkas
  5 ball pythons
  3 frilled lizards
  3 hobgoblin zombies (D:5)
  5 kobolds
  A kobold zombie (D:5)
  5 rats
119 creatures vanquished.

Vanquished Creatures (collateral kills)
  7 yaks
  A wyvern (D:8)
  2 orc warriors
  A black bear (D:8)
  2 centaurs (D:8)
  A bullfrog (D:7)
  A scorpion (D:7)
  3 orc priests
  A jelly (D:7)
  3 orc wizards
  A white imp (D:7)
  10 orcs
  An endoplasm (D:7)
34 creatures vanquished.

Vanquished Creatures (others)
  A bullfrog (D:8)
  A scorpion (D:8)
2 creatures vanquished.

Grand Total: 155 creatures vanquished

Notes
Turn   | Place    | Note
-------+----------+-------------------------------------------
     0 | D:1      | spaghetti the Naga Chaos Knight began the quest for the
                  | Orb.
     0 | D:1      | Reached XP level 1. HP: 21/21 MP: 1/1
    72 | D:1      | Reached skill level 1 in Dodging
   143 | D:1      | XOM: silly message
   163 | D:1      | Reached XP level 2. HP: 28/28 MP: 2/2
   278 | D:1      | XOM: noise
   433 | D:1      | Reached XP level 3. HP: 31/34 MP: 3/3
  1034 | D:2      | Reached skill level 4 in Long Blades
  1034 | D:2      | Reached XP level 4. HP: 42/42 MP: 4/4
  1127 | D:2      | Found a burning altar of Makhleb.
  1215 | D:2      | XOM: divination: detect creatures
  1242 | D:2      | XOM: silly message
  1374 | D:2      | XOM: divination: detect items
  1705 | D:3      | Found a runed translucent gate.
  1705 | D:3      | Found a runed translucent gate.
  1706 | D:3      | Noticed Yoho's ghost (amateur MiBe)
  1708 | D:3      | Found a runed translucent gate.
  1821 | D:3      | XOM: silly message
  2190 | D:3      | Noticed Natasha
  2204 | D:3      | XOM: potion effect (curing)
  2207 | D:3      | XOM: potion effect (berserk rage)
  2214 | D:3      | Killed Natasha
  2215 | D:3      | Reached XP level 5. HP: 45/49 MP: 5/5
  2347 | D:3      | Noticed Natasha
  2359 | D:3      | Killed Natasha
  2364 | D:3      | XOM: cloud trail
  2415 | D:3      | XOM: silly message
  2473 | D:4      | Noticed an ogre
  2488 | D:3      | Killed an ogre
  2489 | D:3      | Reached skill level 5 in Long Blades
  2489 | D:3      | Reached XP level 6. HP: 17/56 MP: 6/6
  2683 | D:5      | Entered Level 5 of the Dungeon
  2743 | D:5      | XOM: potion effect (curing)
  2771 | D:5      | XOM: divination: detect creatures
  2821 | D:5      | XOM: potion effect (invisibility)
  2856 | D:5      | XOM: silly message
  2941 | D:5      | Found an ancient bone altar of Kikubaaqudgha.
  2941 | D:5      | Found a glowing silver altar of Zin.
  3070 | D:5      | XOM: butterfly on damage
  3231 | D:5      | XOM is BORED!
  3231 | D:5      | XOM: silly message
  3463 | D:5      | XOM: silly message
  3471 | D:5      | XOM: confuse monster(s)
  3479 | D:5      | Reached XP level 7. HP: 56/62 MP: 7/7
  3559 | D:5      | Reached skill level 6 in Long Blades
  3884 | D:6      | XOM: silly message
  3888 | D:6      | XOM: butterfly on damage
  3958 | D:5      | Reached skill level 5 in Dodging
  4349 | D:6      | Found a shadowy altar of Dithmenos.
  4371 | D:6      | XOM: noise
  4524 | D:6      | Reached XP level 8. HP: 64/69 MP: 8/8
  4667 | D:6      | Reached skill level 7 in Long Blades
  5011 | D:7      | XOM: cast spell 'Fugue of the Fallen'
  5029 | D:7      | Noticed a yak
  5041 | D:7      | Noticed a yak
  5042 | D:7      | Noticed a yak
  5043 | D:7      | Noticed a yak
  5043 | D:7      | Noticed a yak
  5043 | D:7      | Noticed a yak
  5046 | D:7      | Noticed a yak
  5046 | D:7      | Noticed a yak
  5046 | D:7      | Noticed a yak
  5057 | D:6      | Killed a yak
  5061 | D:6      | XOM: silly message
  5072 | D:6      | XOM: noise
  5074 | D:6      | Killed a yak
  5075 | D:6      | Reached skill level 8 in Long Blades
  5513 | D:7      | XOM: polymorph orc wizard -> endoplasm
  5514 | D:7      | XOM: cast spell 'Metabolic Englaciation'
  5534 | D:6      | Killed a yak
  5677 | D:7      | Found a staircase to the Ecumenical Temple.
  5686 | D:7      | Reached XP level 9. HP: 72/75 MP: 9/9
  5691 | D:7      | Reached skill level 9 in Long Blades
  5796 | D:7      | Found Relaemn's General Store.
  5804 | D:7      | XOM: polymorph orc wizard -> jelly
  5827 | D:7      | Bought a +2 tower shield of protection for 258 gold pieces
  6335 | D:8      | XOM: 1-stop teleportation journey
  6340 | D:8      | Reached skill level 10 in Long Blades
  6354 | D:8      | Reached XP level 10. HP: 47/84 MP: 10/10
  6628 | D:8      | XOM: smoke on damage
  6786 | D:8      | Reached skill level 1 in Short Blades
  6844 | D:8      | XOM: summons 2 friendly demons
  6863 | D:8      | Mangled by a komodo dragon

Illustrated notes

Levels and vault maps discovered:
D:1:      dpeg_arrival_tiny_c, layout_basic
D:2:      layout_basic, basic_altar
D:3:      layout_rooms, biasface_ghost_orc_armoury, minmay_misc_feat_doors,
          uniq_natasha
D:4:      layout_cave_pods, grunt_temple_overflow_holy_war, cheibriados_altar_1,
          led_sif_book, grunt_ministairs_8, hangedman_feature_mirror,
          uniq_sigmund
D:5:      layout_basic, mainiacjoe_overflow_divided_tiny,
          minmay_misc_feat_tower, minmay_mini_ossuary
D:6:      layout_loops_ring, grunt_dithmenos_smoke
D:7:      layout_rooms, minmay_temple_entry_offerings, serial_shops, shop
D:8:      layout_cave_pools, mainiacjoe_overflow_small_starburst,
          grunt_lair_entry_orc_guard_hut

Skill      XL: |  1  2  3  4  5  6  7  8  9 10 |
---------------+-------------------------------+-----
Dodging        | 1 2 3 4 5 6 8 |  8.5
Long Blades    | 4 5 6 8 10 | 10.6
Short Blades   | 2 |  2.1
Fighting       | |  3.0
Armour         | |  1.5

Action                     |  1- 3 |  4- 6 |  7- 9 | 10-12 || total
---------------------------+-------+-------+-------+-------++-------
  Melee: Falchion          |    95 |    39 |    50 |       ||   184
         Punch             |     1 |     2 |     4 |       ||     7
         Dagger            |       |   139 |   190 |    53 ||   382
  Evoke: Wand              |       |       |       |     3 ||     3
    Use: Scroll            |       |     6 |     3 |       ||     9
         Potion            |       |     5 |     3 |     1 ||     9
   Stab: Invisible         |       |     1 |       |       ||     1
         Distracted        |       |       |     1 |       ||     1
         Confused          |       |       |     1 |       ||     1
 Armour: Leather armour    |    75 |   161 |   184 |    61 ||   481
  Dodge: Dodged            |    48 |   118 |   108 |    20 ||   294
  Block: Tower shield      |       |       |    44 |    75 ||   119
